[Event "Live Chess"]
[Site "Chess.com"]
[Date "2023.05.21"]
[Round "-"]
[White "SupremeTactician"]
[Black "Tushinskiy"]
[Result "1/2-1/2"]
[WhiteElo "2307"]
[BlackElo "2184"]
[TimeControl "300"]
[EndTime "0:31:41 PDT"]
[Termination "Game drawn by repetition"]

1. e4 e5 2. Nf3 d6 3. Nc3 Bg4 4. d4 Nd7 5. Be2 Ngf6 6. O-O Be7 7. d5 O-O 8. h3 Bh5 9. Be3 Bg6 10. Nd2 c6 11. dxc6 bxc6 12. a4 Qc7 13. Bf3 Rfd8 14. Nc4 Nf8 15. Bg5 Ne6 16. Bxf6 Bxf6 17. Ne2 h6 18. Qd2 Rab8 19. Rfd1 Be7 20. Qa5 Qb7 21. Rab1 Nc5 22. Ng3 Ne6 23. Ne2 Bf8 24. Bg4 Be7 25. Bf3 1/2-1/2

[Event "Live Chess"]
[Site "Chess.com"]
[Date "2023.05.21"]
[Round "-"]
[White "OSmith06"]
[Black "Leonid_Starozhilov"]
[Result "0-1"]
[WhiteElo "1659"]
[BlackElo "2646"]
[TimeControl "300"]
[EndTime "0:31:45 PDT"]
[Termination "Leonid_Starozhilov won by resignation"]

1. e4 c5 2. Nf3 e6 3. d4 cxd4 4. Nxd4 a6 5. Nc3 b5 6. Be3 Bb7 7. Qf3 Nf6 8. Bd3 Nc6 9. Nxc6 Bxc6 10. O-O Qc7 11. Rad1 Be7 12. Rfe1 O-O 13. Bf4 d6 14. Qe2 Rac8 15. e5 dxe5 16. Bxe5 Qb7 17. Bxf6 Bxf6 18. Be4 Bxc3 19. bxc3 Bxe4 20. Qxe4 Qxe4 21. Rxe4 Rxc3 22.
Re2 Rfc8 23. h3 g5 24. Rd6 Ra3 25. Re5 h6 26. Rd2 Rxa2 27. Ree2 b4 28. g4 a5 29. Kg2 a4 0-1

[Event "Live Chess"]
[Site "Chess.com"]
[Date "2023.05.21"]
[Round "-"]
[White "Biranidun"]
[Black "LiamClery2020"]
[Result "1-0"]
[WhiteElo "2539"]
[BlackElo "2030"]
[TimeControl "300"]
[EndTime "0:31:59 PDT"]
[Termination "Biranidun won by resignation"]

1. e4 Nf6 2. e5 Nd5 3. d4 d6 4. Nf3 dxe5 5. Nxe5 c6 6. Be2 Bf5 7. O-O Nd7 8. Nf3 N7f6 9. c4 Nb4 10. Nh4 Bg6 11. a3 Na6 12. Nc3 e6 13. Be3 Ne4 14. Nxg6 Nxc3 15. bxc3 hxg6 16. Rb1 Bd6 17. g3 Qd7 18. c5 Bc7 19. Rxb7 O-O-O 20. Bxa6 1-0

[Event "Live Chess"]
[Site "Chess.com"]
[Date "2023.05.21"]
[Round "-"]
[White "Long1968"]
[Black "Denz14"]
[Result "1-0"]
[WhiteElo "1011"]
[BlackElo "1022"]
[TimeControl "300"]
[EndTime "0:32:21 PDT"]
[Termination "Long1968 won by checkmate"]

1. e4 d5 2. exd5 Qxd5 3. Nc3 Qd8 4. d4 Nf6 5. Nf3 Bg4 6. Be2 Bxf3 7. Bxf3 c6 8. O-O e6 9. Bg5 Be7 10. Qd2 Nbd7 11.
Rad1 Nd5 12. h4 Nxc3 13. bxc3 Bxg5 14. hxg5 Nb6 15. Qe3 Nd5 16. Qe5 O-O 17. c4 Ne7 18. d5 cxd5 19. cxd5 exd5 20. Bxd5 Nxd5 21. Rxd5 Qb8 22.
Qf5 Qc7 23. Rfd1 Rad8 24. c4 Rfe8 25. Qd3 Rxd5 26. Qxd5 b6 27. Qd7 Rc8 28. Qxc7 Rxc7 29. Rd8# 1-0

[Event "Live Chess"]
[Site "Chess.com"]
[Date "2023.05.21"]
[Round "-"]
[White "mattihelenius2"]
[Black "Bot_Boy"]
[Result "1-0"]
[WhiteElo "493"]
[BlackElo "334"]
[TimeControl "300"]
[EndTime "0:32:45 PDT"]
[Termination "mattihelenius2 won on time"]

1. d4 d5 2. c4 Nf6 3. e3 e6 4.
Nc3 Bb4 5. Qb3 a5 6. cxd5 Bxc3+ 7. Qxc3 Nxd5 8. Qc4 Nb6 9. Qe2 Nc6 10. Nf3 f6 11.
Bd2 Nb4 12. Qd1 Qd6 13. Bb5+ Bd7 14. Bxd7+ Kxd7 15. a3 Nd3+ 16. Ke2 Nxb2 17. Qc1 N2c4 18. Re1 Nxd2 19. Nxd2 Rhc8 20. Ne4 Qc6 21. Nc5+ Ke7 22. Rb1 Qd5 23. Nxb7 Qxb7 24. Rb5 Qa6 25. Qc5+ Kf7 26. Kf3 1-0

[Event "Live Chess"]
[Site "Chess.com"]
[Date "2023.05.21"]
[Round "-"]
[White "Hacker_2009"]
[Black "Shepherds_Pie"]
[Result "0-1"]
[WhiteElo "1933"]
[BlackElo "1928"]
[TimeControl "300"]
[EndTime "0:32:50 PDT"]
[Termination "Shepherds_Pie won by checkmate"]

1. d4 Nf6 2. Nf3 c5 3. e3 g6 4. c4 Bg7 5. Nc3 O-O 6. Be2 d6 7. O-O b6 8. b3 Bb7 9. Bb2 cxd4 10. Nxd4 Nbd7 11. Bf3 Bxf3 12. Qxf3 a6 13. Rfd1 Re8 14.
Rac1 Ne5 15. Qe2 Qc7 16. Nf3 Nfd7 17. Nd5 Qb7 18. Nd4 Rac8 19. h3 b5 20. f4 Nc6 21.
cxb5 axb5 22. Nxc6 Rxc6 23. Bxg7 Kxg7 24. Qb2+ Kg8 25.
Qd4 Nc5 26. b4 Ne6 27. Qd2 Rxc1 28. Rxc1 Qa7 29. Qc2 f6 30. Qb3 Kg7 31. Kf2 Ra8 32. Nc3 Nxf4 33. Kf3 Nh5 34. Qe6 Qb7+ 35. Kf2 Kf8 36.
Nd5 Ng7 37. Qe4 f5 38. Qd4 e5 39. Qd2 Ne6 40. Rc2 Ng5 41. Qd3 Ne4+ 42. Kg1 Rc8 43.
Rxc8+ Qxc8 44. Qxb5 Qc1+ 45. Kh2 Qe1 46. Qb8+ Kg7 47.
Qc7+ Kh6 48. Qc4 Qg3+ 49. Kg1 Nd2 50. Qe2 Ne4 51. a4 Ng5 52. Kh1 Kg7 53. a5 Ne4 54. a6 Nf2+ 55. Kg1 Nxh3+ 56. Kf1 Ng5 57. a7 Qh2 58. a8=Q Qh1+ 59. Kf2 Ne4+ 60. Kf3 Qh5+ 61. g4 Qxg4# 0-1

[Event "Live Chess"]
[Site "Chess.com"]
[Date "2023.05.21"]
[Round "-"]
[White "Driftboard"]
[Black "MJMykh"]
[Result "0-1"]
[WhiteElo "842"]
[BlackElo "1095"]
[TimeControl "300"]
[EndTime "0:33:05 PDT"]
[Termination "MJMykh won by checkmate"]

1. e4 e5 2. Nf3 Nc6 3. Nc3 Bb4 4. Bb5 Bxc3 5. dxc3 d6 6. Bxc6+ bxc6 7. O-O Nf6 8.
h3 h6 9. Be3 O-O 10. b3 c5 11.
b4 cxb4 12. cxb4 c6 13. a3 Be6 14. c3 a5 15. Rb1 axb4 16. axb4 Rb8 17. Ba7 Rb7 18.
Ra1 Qc7 19. Be3 Bc4 20. Re1 Re8 21. Nd2 Bb5 22. c4 Bxc4 23. Nxc4 Nxe4 24. Bd2 Nxd2 25. Qxd2 c5 26. Nxd6 Rd8 27. Red1 Rb6 28. bxc5 Rc6 29. Qb4 Rxc5 30. Nb5 Rxd1+ 31. Rxd1 Qb6 32. Rb1 Rc2 33. Na3 Qxf2+ 34. Kh1 Qxg2# 0-1

[Event "Live Chess"]
[Site "Chess.com"]
[Date "2023.05.21"]
[Round "-"]
[White "blunderabit"]
[Black "Nazar_777"]
[Result "1-0"]
[WhiteElo "1812"]
[BlackElo "1586"]
[TimeControl "300"]
[EndTime "0:33:15 PDT"]
[Termination "blunderabit won by checkmate"]

1. e4 e6 2. d4 a6 3. Nf3 h5 4. Bd3 c5 5. c3 cxd4 6. cxd4 Nf6 7. O-O Be7 8. Nc3 Qc7 9. e5 Ng4 10. h3 Nh6 11. Be3 Nc6 12. Rc1 b5 13. d5 Nxe5 14. Nxb5 Nxf3+ 15. Qxf3 Qb8 16. Nc7+ Kf8 17. d6 Bxd6 18.
Nxa8 Qxa8 19. Qxa8 Ke7 20. Rxc8 Rxc8 21. Qxc8 Nf5 22.
Bxf5 exf5 23. Bc5 Bxc5 24. Qxc5+ Kf6 25. Rd1 g5 26. Rd6+ Kg7 27. Rxd7 g4 28. Qxf5 gxh3 29.
Rxf7+ Kg8 30. Qg6+ Kh8 31. Qh7# 1-0

[Event "Live Chess"]
[Site "Chess.com"]
[Date "2023.05.21"]
[Round "-"]
[White "Crowded_House"]
[Black "Ian-Morley"]
[Result "1-0"]
[WhiteElo "1663"]
[BlackElo "1067"]
[TimeControl "300"]
[EndTime "0:33:41 PDT"]
[Termination "Crowded_House won by resignation"]

1. d4 e5 2. dxe5 Nc6 3. Nf3 Qe7 4. c3 Nxe5 5. Nxe5 Qxe5 6. Nd2 Bc5 7. Nf3 Qf6 8. Bg5 Qd6 9. Qxd6 Bxd6 10. e3 f6 11. Bh4 g5 12. Bg3 h5 13. Bxd6 cxd6 14. Bd3 Ne7 15.
O-O-O b6 16. Nd4 Bb7 17. f3 Nd5 18. e4 Nf4 19. Bf1 g4 20. Nf5 gxf3 21. gxf3 O-O 22.
Nxd6 Bc6 23. Rg1+ Kh8 24. Nf5 Rg8 25. Bc4 Rxg1 26. Rxg1 b5 27. Bf1 Nh3 28. Bxh3 d5 29.
Ne7 Be8 30. Rg8+ Kh7 31. Bf5+ Kh6 32. Bd7 Kh7 33. Rxe8 Rxe8 34. Bxe8 Kg7 35. Nc8 1-0

[Event "Live Chess"]
[Site "Chess.com"]
[Date "2023.05.21"]
[Round "-"]
[White "martynstanley"]
[Black "peter-785"]
[Result "1-0"]
[WhiteElo "1005"]
[BlackElo "1197"]
[TimeControl "300"]
[EndTime "0:33:41 PDT"]
[Termination "martynstanley won by resignation"]

1. d4 d5 2. e3 c6 3. Bd3 e6 4. f4 Nf6 5. Nf3 Be7 6. O-O O-O 7. Ne5 Nbd7 8. Rf3 Nxe5 9. fxe5 Ne4 10. Nd2 Nxd2 11. Bxd2 Bg5 12. Bxh7+ Kxh7 13. Rh3+ Kg8 14. Qh5 Bh6 15. Rd1 Qg5 16. Qf3 Qg6 17. Rg3 Qh7 18. c3 b5 19. Qf2 f6 20. e4 dxe4 21. Bxh6 g5 22. Bxg5 fxg5 23. Rxg5+ Qg7 24. Rxg7+ Kxg7 25. Qg3+ Kf7 26. Qf4+ 1-0

[Event "Live Chess"]
[Site "Chess.com"]
[Date "2023.05.21"]
[Round "-"]
[White "BillythekidFellowes"]
[Black "Tiltador"]
[Result "1-0"]
[WhiteElo "2022"]
[BlackElo "761"]
[TimeControl "300"]
[EndTime "0:33:45 PDT"]
[Termination "BillythekidFellowes won by checkmate"]

1. e4 e5 2. Nf3 d6 3. Bc4 Be6 4.
Bxe6 fxe6 5. c3 Nf6 6. Qb3 b6 7. Qxe6+ Qe7 8. Qc8+ Qd8 9. Qb7 Nbd7 10. d4 exd4 11. Nxd4 Nc5 12. Qc6+ Kf7 13. f3 Nd3+ 14. Ke2 Nxc1+ 15. Rxc1 Be7 16. Nd2 Re8 17. Qc4+ Kf8 18. Ne6+ Kg8 19. Nxd8+ Kh8 20. Nf7+ Kg8 21. Nh6+ Kh8 22.
Qg8+ Rxg8 23. Nf7# 1-0

[Event "Live Chess"]
[Site "Chess.com"]
[Date "2023.05.21"]
[Round "-"]
[White "EdenHazard8"]
[Black "Singapourfeuj"]
[Result "1-0"]
[WhiteElo "1961"]
[BlackElo "2203"]
[TimeControl "300"]
[EndTime "0:33:47 PDT"]
[Termination "EdenHazard8 won by resignation"]

1. e4 c5 2. Nc3 Nc6 3. f4 e6 4. Nf3 d5 5. d3 Nf6 6. Be2 dxe4 7. dxe4 Qxd1+ 8. Bxd1 a6 9. Be3 b5 10. e5 Nd5 11.
Nxd5 exd5 12. O-O d4 13. Bf2 Be6 14. c3 d3 15. Re1 O-O-O 16. Nd2 c4 17. Ne4 Bf5 18.
Bf3 Kc7 19. Rad1 h5 20. a4 Be7 21. axb5 axb5 22. b3 h4 23. bxc4 bxc4 24. Nc5 Bxc5 25. Bxc5 Ra8 26. Bd6+ Kd7 27. Rb1 Na5 28. Bxa8 d2 29.
Red1 Bxb1 30. Bd5 Nb3 31. Bxc4 Bc2 32. Bxb3 Bxd1 33. Bxd1 h3 34. g3 Ra8 35. Kf2 Ke6 36.
Ke2 Kf5 37. Kxd2 Ra2+ 38. Bc2+ Kg4 39. Kd3 Kf3 40. c4 Kg2 41. c5 Kxh2 42. c6 Kxg3 43.
c7 Ra8 44. Bb3 h2 45. Bd5 Rh8 46. Kc4 Kf2 47. Kb5 Kg1 48. Kb6 h1=Q 49. Bxh1 Kxh1 50. Kb7 Kg2 51. c8=Q Rxc8 52. Kxc8 Kf3 53. f5 Ke4 54.
f6 gxf6 55. exf6 Kf5 56. Be7 Ke6 57. Kd8 Kf5 58. Ke8 Ke6 59. Kf8 1-0

[Event "Live Chess"]
[Site "Chess.com"]
[Date "2023.05.21"]
[Round "-"]
[White "chessfiction"]
[Black "raimundklein"]
[Result "1-0"]
[WhiteElo "2353"]
[BlackElo "1749"]
[TimeControl "300"]
[EndTime "0:33:54 PDT"]
[Termination "chessfiction won by checkmate"]

1. e4 c6 2. d4 d5 3. Nc3 dxe4 4. f3 exf3 5. Nxf3 Bg4 6. Bc4 e6 7. O-O Nf6 8. Kh1 Be7 9. Bg5 O-O 10. Qe1 Nd5 11.
Bxe7 Nxe7 12. Ne5 Bf5 13. Rd1 Nd5 14. Ne4 Nd7 15. Nd6 Nxe5 16. dxe5 Bxc2 17. Rd4 Bg6 18. Qf2 Qb6 19. b3 a5 20. h4 Qc7 21. g4 h6 22.
h5 Bh7 23. a4 Rad8 24. Qg3 Rd7 25. g5 hxg5 26. Qxg5 Qd8 27. Qg3 Rxd6 28. exd6 Nf6 29. h6 g6 30. Qe5 Nh5 31. Rg1 Nf6 32. Rf4 Nd5 33. Qg7# 1-0

[Event "Live Chess"]
[Site "Chess.com"]
[Date "2023.05.21"]
[Round "-"]
[White "JoeRoot66"]
[Black "batesh8"]
[Result "1-0"]
[WhiteElo "1924"]
[BlackElo "1698"]
[TimeControl "300"]
[EndTime "0:34:11 PDT"]
[Termination "JoeRoot66 won by resignation"]

1. e4 c5 2. c3 d6 3. d4 cxd4 4.
cxd4 Nc6 5. d5 Nb8 6. Nf3 e6 7. Nc3 Nf6 8. Bc4 a6 9. Bg5 b5 10.
Bb3 h6 11. Bxf6 Qxf6 12. dxe6 Bxe6 13. Nd5 Qd8 14. Rc1 Bxd5 15. Qxd5 Ra7 16. O-O g6 17. e5 Bg7 18. exd6 O-O 19. Rfe1 Bxb2 20. Rcd1 Bg7 21. Ne5 Re8 22. d7 Nxd7 23. Qxf7+ Kh7 24.
Qxg6+ Kh8 25. Nf7+ Kg8 1-0

[Event "Live Chess"]
[Site "Chess.com"]
[Date "2023.05.21"]
[Round "-"]
[White "Tushinskiy"]
[Black "OSmith06"]
[Result "1-0"]
[WhiteElo "2185"]
[BlackElo "1658"]
[TimeControl "300"]
[EndTime "0:34:15 PDT"]
[Termination "Tushinskiy won by resignation"]

1. d4 Nf6 2. c3 e6 3. Nf3 d5 4.
Bf4 c5 5. Bg3 Nc6 6. e3 Bd6 7. Bd3 O-O 8. Nbd2 a6 9. Qe2 b5 10. Ne5 Qc7 11. f4 Bd7 12. Bh4 Be7 13. O-O cxd4 14. exd4 Rac8 15. Rac1 Rfe8 16. Ndf3 Na5 17.
Ng5 Rf8 18. Nxh7 Nxh7 19. Bxe7 Rfe8 20. Bxh7+ Kxh7 21. Qh5+ Kg8 22. Qxf7+ Kh7 23. Rf3 1-0

[Event "Live Chess"]
[Site "Chess.com"]
[Date "2023.05.21"]
[Round "-"]
[White "HoarseyHorsey"]
[Black "Biranidun"]
[Result "0-1"]
[WhiteElo "1447"]
[BlackElo "2539"]
[TimeControl "300"]
[EndTime "0:34:20 PDT"]
[Termination "Biranidun won by resignation"]

1. d4 Nf6 2. c4 g6 3. Nc3 Bg7 4. f3 d6 5. e4 O-O 6. Be3 c5 7. d5 e6 8. Qd2 exd5 9. cxd5 a6 10. Nge2 b5 11. Ng3 b4 12. Nce2 h5 13. h4 Nbd7 14. Bg5 Ne5 15. Nc1 a5 16. Nd3 Nc4 17. Qe2 Ba6 18. Qc2 Re8 19. Be2 Qb6 20. O-O Nh7 21. Bf4 Bf6 22. b3 Na3 23. Qd2 c4+ 24. Kh1 cxd3 25.
Bxd3 Bxd3 26. Qxd3 Bxa1 27. Rxa1 Rac8 28. Rd1 Rc3 29. Qd2 Rc2 30. Qe3 Qxe3 31. Bxe3 Rxa2 32. Rc1 Rc2 33. Rxc2 Nxc2 0-1

[Event "Live Chess"]
[Site "Chess.com"]
[Date "2023.05.21"]
[Round "-"]
[White "Mugzwang"]
[Black "ChessClubLive"]
[Result "0-1"]
[WhiteElo "1511"]
[BlackElo "1759"]
[TimeControl "300"]
[EndTime "0:34:41 PDT"]
[Termination "ChessClubLive won on time"]

1. Nf3 Nc6 2. d4 d5 3. g3 g6 4. Bg2 Bg7 5. O-O Nf6 6. c4 dxc4 7. Nc3 Bg4 8. a3 Bxf3 9. Bxf3 Nxd4 10. Bxb7 Rb8 11. Bg2 Nb3 12. Rb1 O-O 13. Bf4 Qc8 14. Nd5 Nxd5 15. Bxd5 Rd8 16. Bxf7+ Kxf7 17. Qc2 e5 18.
Qxc4+ Qe6 19. Qxc7+ Kg8 20. Bg5 Rdc8 21. Qxa7 h6 22. Be3 Qf7 23. Qxf7+ Kxf7 24. Rfd1 Rd8 25. Ba7 Rbc8 26. Bb6 Rxd1+ 27. Rxd1 Rc1 28. Rxc1 Nxc1 29. Kf1 e4 30. b4 Ke6 31. b5 Nb3 32. a4 Bd4 33.
Bxd4 Nxd4 34. b6 Kd6 35. a5 Kc6 36. Kg2 Nb3 37. f3 exf3+ 38. exf3 Nxa5 39. Kf2 Kxb6 40. Ke3 Kc6 41. Kf4 Kd6 42. h4 Ke6 43. g4 Nc4 44. g5 h5 45. Ke4 Nd6+ 0-1

[Event "Live Chess"]
[Site "Chess.com"]
[Date "2023.05.21"]
[Round "-"]
[White "LiamClery2020"]
[Black "JohanKjeldahl"]
[Result "1/2-1/2"]
[WhiteElo "2027"]
[BlackElo "1892"]
[TimeControl "300"]
[EndTime "0:34:43 PDT"]
[Termination "Game drawn by agreement"]

1. e4 c5 2. Nf3 e6 3. c3 Nc6 4.
Bb5 Nge7 5. Bxc6 Nxc6 6. O-O d5 7. e5 Qc7 8. d4 cxd4 9. cxd4 Be7 10. Nc3 a6 11.
Bg5 O-O 12. Bxe7 Qxe7 13. Rc1 Bd7 14. Qd3 Rac8 15. a3 b5 16. Ne2 Na5 17. Rxc8 Rxc8 18. Rc1 Rxc1+ 19. Nxc1 h6 20. Nd2 Nc4 21. Nxc4 dxc4 22.
Qe4 Qe8 23. Qb7 Qc8 24. Qxc8+ Bxc8 25. Kf1 Kf8 26. Ke2 Ke7 27. Ke3 Bb7 28. g3 g5 29.
Ne2 f5 30. f4 g4 1/2-1/2

[Event "Live Chess"]
[Site "Chess.com"]
[Date "2023.05.21"]
[Round "-"]
[White "diana21strabt"]
[Black "matt1979"]
[Result "1-0"]
[WhiteElo "1712"]
[BlackElo "1530"]
[TimeControl "300"]
[EndTime "0:34:48 PDT"]
[Termination "diana21strabt won by checkmate"]

1. e4 c5 2. Nf3 Nc6 3. d4 cxd4 4. Nxd4 Nf6 5. Nc3 e5 6. Ndb5 d6 7. Bg5 a6 8. Na3 b5 9. Nd5 Be7 10. Bxf6 Bxf6 11. c3 O-O 12. Nc2 Be6 13. Nce3 Be7 14. h4 h6 15. Nxe7+ Qxe7 16. Nd5 Bxd5 17. exd5 Nb8 18.
Bd3 Nd7 19. Qg4 Nf6 20. Qf5 g6 21. Qh3 Nxd5 22. Be4 Nf4 23. Qe3 Rad8 24. g3 Ne6 25. Qxh6 Qf6 26. h5 Ng5 27. hxg6 fxg6 28. Qxg6+ Qxg6 29. Bxg6 Nf3+ 30. Ke2 Ng5 31. Rad1 Rf6 32. Bh5 Rdf8 33. Rh2 Ne4 34. f3 Nxg3+ 35. Kf2 Nxh5 36.
Rxh5 Rxf3+ 37. Ke2 Rf2+ 38. Kd3 Rxb2 39. Rg1+ Kf7 40.
Rh7+ Ke8 41. Rgg7 Rf3+ 42. Ke4 Rbf2 43. Re7+ Kf8 44. Rd7 Rf4+ 45. Kd5 Rd2+ 46. Ke6 Kg8 47. Rhg7+ Kh8 48. Rge7 Rf8 49. Rh7+ Kg8 50. Rdg7# 1-0

[Event "Live Chess"]
[Site "Chess.com"]
[Date "2023.05.21"]
[Round "-"]
[White "BJAW87"]
[Black "CroasArRheun"]
[Result "1/2-1/2"]
[WhiteElo "1448"]
[BlackElo "1806"]
[TimeControl "300"]
[EndTime "0:34:49 PDT"]
[Termination "Game drawn - insufficient material"]

1. e4 e5 2. Nc3 Nf6 3. f4 d5 4.
fxe5 Nxe4 5. Qf3 Nxc3 6. bxc3 Qh4+ 7. g3 Qe4+ 8. Qxe4 dxe4 9. Bg2 Bf5 10. Ne2 Nd7 11.
Nd4 Bg6 12. e6 fxe6 13. Nxe6 c6 14. Nc7+ Ke7 15. Nxa8 Kd6 16. Ba3+ Ke6 17. Bxf8 Rxf8 18. Nc7+ Kd6 19. Na6 bxa6 20. Rf1 Rb8 21. Ke2 Rb2 22. Rfc1 e3 23. d3 Ne5 24. Kxe3 Ng4+ 25. Kd2 Nxh2 26. a4 Ng4 27. Rcb1 Rb6 28. Rxb6 axb6 29. Rb1 b5 30.
axb5 axb5 31. Ra1 Bf5 32. Ra7 g6 33. Rxh7 Nf6 34. Ra7 Ng4 35. Ra6 Bd7 36. Bh3 Ne5 37.
Bxd7 Nxd7 38. d4 Nf6 39. Kd3 Nh5 40. g4 Nf4+ 41. Ke4 Nd5 42. Kd3 Nf4+ 43. Kd2 Nd5 44.
Ra8 Nf6 45. Rf8 Nxg4 46. Rg8 Nf2 47. Rxg6+ Kd5 48. Rg5+ Kd6 49. Rg8 Ne4+ 50. Kd3 Nf6 51. Rd8+ Kc7 52. Rf8 Nd5 53. c4 bxc4+ 54. Kxc4 Nb6+ 55.
Kd3 Kd6 56. c4 Nd7 57. Rh8 c5 58. dxc5+ Nxc5+ 59. Kd4 Ne6+ 60. Kc3 Kc5 61. Rh5+ Kc6 62. Kb4 Nc7 63. Rc5+ Kb6 64. Rxc7 Kxc7 65. Kc5 Kb7 66. Kd6 Kc8 67. c5 Kd8 68. Kc6 Kc8 69. Kb6 Kb8 70. c6 Kc8 71. Kc5 Kc7 72. Kb5 Kc8 73.
Kb6 Kb8 74. c7+ Kc8 75. Ka7 Kxc7 1/2-1/2

[Event "Live Chess"]
[Site "Chess.com"]
[Date "2023.05.21"]
[Round "-"]
[White "terrub10"]
[Black "Hacker_2009"]
[Result "0-1"]
[WhiteElo "570"]
[BlackElo "1933"]
[TimeControl "300"]
[EndTime "0:35:03 PDT"]
[Termination "Hacker_2009 won by checkmate"]

1. d4 Nf6 2. Nc3 e6 3. Nf3 d5 4. Bg5 Be7 5. Bxf6 Bxf6 6. e4 O-O 7. exd5 exd5 8. Nxd5 Qxd5 9. b3 c5 10. Bc4 Re8+ 11.
Kd2 Qf5 12. Nh4 Bxh4 13. g3 Bg5+ 14. f4 Bf6 15. h3 Bxd4 16. g4 Qxf4+ 17. Kd3 Qe3# 0-1

[Event "Live Chess"]
[Site "Chess.com"]
[Date "2023.05.21"]
[Round "-"]
[White "Denz14"]
[Black "hturner40"]
[Result "0-1"]
[WhiteElo "1022"]
[BlackElo "1775"]
[TimeControl "300"]
[EndTime "0:35:08 PDT"]
[Termination "hturner40 won by resignation"]

1. e4 Nc6 2. Nf3 e5 3. Bc4 Nf6 4. Nc3 Nxe4 5. Nxe4 d5 6. Bxd5 Qxd5 7. Nc3 Qd8 8. O-O Bd6 9. Re1 O-O 10. d3 Bg4 11. Bg5 f6 12. Be3 f5 13. h3 Bh5 14.
Bg5 Bxf3 15. Bxd8 Bxd1 16. Raxd1 Raxd8 17. Nb5 a6 18. Nxd6 cxd6 0-1

[Event "Live Chess"]
[Site "Chess.com"]
[Date "2023.05.21"]
[Round "-"]
[White "Leonid_Starozhilov"]
[Black "SupremeTactician"]
[Result "1-0"]
[WhiteElo "2648"]
[BlackElo "2305"]
[TimeControl "300"]
[EndTime "0:35:14 PDT"]
[Termination "Leonid_Starozhilov won by resignation"]

1. e4 e5 2. Nf3 Nc6 3. Bb5 a6 4. Bxc6 dxc6 5. h3 f6 6. d4 exd4 7. Qxd4 Qxd4 8. Nxd4 Bd6 9. Nc3 Ne7 10. Be3 O-O 11. O-O-O c5 12. Nde2 Be6 13. Nf4 Bf7 14. Nfd5 Nxd5 15. Nxd5 b6 16. Nxb6 cxb6 17. Rxd6 Rab8 18.
Rhd1 Rfe8 19. f3 f5 20. Rd7 fxe4 21. f4 Be6 22. Ra7 Red8 23. Rxd8+ Rxd8 24. Rxa6 Bc4 25. Rxb6 Bf1 26. a4 Bxg2 27. a5 Bxh3 28. a6 Bg4 29. b3 Be6 30. Rxe6 1-0

[Event "Live Chess"]
[Site "Chess.com"]
[Date "2023.05.21"]
[Round "-"]
[White "Doge_Dandolo"]
[Black "mattihelenius2"]
[Result "1-0"]
[WhiteElo "1898"]
[BlackElo "493"]
[TimeControl "300"]
[EndTime "0:35:21 PDT"]
[Termination "Doge_Dandolo won by resignation"]

1. Nf3 d5 2. c4 Nf6 3. cxd5 Nxd5 4. e4 Nf4 5. d4 Bg4 6. Bxf4 Bxf3 7. gxf3 Nc6 8. Be3 e6 9. Bb5 Bb4+ 10. Nc3 a6 11.
Bxc6+ bxc6 12. Qc2 Bxc3+ 13. Qxc3 Rb8 14. b3 O-O 15. O-O c5 16. Qxc5 Rb5 17. Qc3 Qg5+ 18. Bxg5 1-0

[Event "Live Chess"]
[Site "Chess.com"]
[Date "2023.05.21"]
[Round "-"]
[White "yarek"]
[Black "WelshTiger"]
[Result "0-1"]
[WhiteElo "1881"]
[BlackElo "2359"]
[TimeControl "300"]
[EndTime "0:35:27 PDT"]
[Termination "WelshTiger won on time"]

1. e4 c5 2. d4 cxd4 3. c3 Nf6 4. e5 Nd5 5. cxd4 d6 6. Bc4 e6 7. Bxd5 exd5 8. Bf4 Nc6 9. Qe2 Nxd4 10. Qd3 Ne6 11. Bg3 dxe5 12. Bxe5 Bb4+ 13. Nd2 Qg5 14. Qb5+ Bd7 15.
Qxb4 Qxe5+ 16. Ne2 b6 17. Nf3 Qe4 18. Qxe4 dxe4 19.
Ne5 f6 20. Nxd7 Kxd7 21. O-O-O+ Ke7 22. Ng3 Nc5 23. Kb1 Rad8 24. Rde1 Kf7 25. Nxe4 Nd3 26. Re2 Nf4 27. Rc2 Rd7 28. g3 Ne6 29. Rhc1 Rhd8 30. f4 f5 31. Nc3 Nc5 32. Nb5 a5 33. b3 Ne4 34. Rc7 Nc5 35. Nd6+ Ke6 36. Rxd7 Rxd7 37. Nb5 Rd2 38. Re1+ Ne4 39. Nc3 Rxh2 40.
Nxe4 fxe4 41. Rxe4+ Kf6 42. Rc4 Re2 43. Rc6+ Re6 44.
Rc7 h5 45. Kc2 g6 46. Kd3 Kf5 47. Rf7+ Kg4 48. f5 gxf5 49. Rg7+ Kf3 50. Kd4 Re4+ 0-1

[Event "Live Chess"]
[Site "Chess.com"]
[Date "2023.05.21"]
[Round "-"]
[White "MarkLim1"]
[Black "BostonStrangler"]
[Result "0-1"]
[WhiteElo "1681"]
[BlackElo "2058"]
[TimeControl "300"]
[EndTime "0:35:29 PDT"]
[Termination "BostonStrangler won by resignation"]

1. d4 Nf6 2. Nf3 c5 3. d5 g6 4. Nc3 Bg7 5. e4 O-O 6. Be2 b5 7. Bxb5 Nxe4 8. Nxe4 Qa5+ 9. Nc3 Bxc3+ 10. bxc3 Qxb5 11.
Qd3 Ba6 12. Qxb5 Bxb5 13. Be3 d6 14. Nd2 Nd7 15. c4 Ba6 16. O-O Ne5 17. Rab1 Rab8 18. Rfe1 Nxc4 19. Nxc4 Bxc4 20. a3 Bxd5 21. Bh6 Rfe8 22.
f3 e6 23. Kf2 f5 24. Bf4 e5 25.
Bd2 Kf7 26. Bc3 Ke6 27. Rb2 Rxb2 28. Bxb2 Rb8 29. Bc3 Bc6 30. g4 Ba4 31. Re2 Rb1 32.
gxf5+ gxf5 33. f4 e4 34. Rd2 Rc1 35. Ba5 Bxc2 36. Bc7 d5 37. Bb8 d4 38. Re2 e3+ 39. Kg3 Rg1+ 40. Kh3 Bd3 41. Rb2 Bf1+ 42. Kh4 Rg4+ 43.
Kh5 e2 44. Rb1 d3 45. Bxa7 d2 0-1

[Event "Live Chess"]
[Site "Chess.com"]
[Date "2023.05.21"]
[Round "-"]
[White "smoggyrabbit"]
[Black "Jeffaroow"]
[Result "1-0"]
[WhiteElo "1726"]
[BlackElo "518"]
[TimeControl "300"]
[EndTime "0:36:00 PDT"]
[Termination "smoggyrabbit won by checkmate"]

1. d4 d5 2. Nf3 Nf6 3. e3 e6 4. Bd3 Bd6 5. O-O e5 6. dxe5 Bxe5 7. Nxe5 O-O 8. b3 Qd6 9. Bb2 Nc6 10. Nf3 Bg4 11. Nbd2 Rae8 12. h3 Bxf3 13. Nxf3 Ne4 14. Nd2 Nxd2 15. Qxd2 Ne5 16. f4 Nxd3 17. Qxd3 Qb6 18. Rf3 d4 19. Bxd4 c5 20. Bb2 Rd8 21. Qc3 Rfe8 22. Qxg7# 1-0

[Event "Live Chess"]
[Site "Chess.com"]
[Date "2023.05.21"]
[Round "-"]
[White "OSmith06"]
[Black "HoarseyHorsey"]
[Result "0-1"]
[WhiteElo "1646"]
[BlackElo "1459"]
[TimeControl "300"]
[EndTime "0:36:04 PDT"]
[Termination "HoarseyHorsey won by resignation"]

1. e4 c5 2. Nf3 e6 3. d4 cxd4 4.
Nxd4 Nf6 5. Nc3 Nc6 6. Be3 Bb4 7. f3 d5 8. exd5 exd5 9. Bb5 Bd7 10. Qe2 O-O 11. O-O Re8 12. Nxc6 bxc6 13. Ba4 d4 14. a3 Rxe3 0-1

[Event "Live Chess"]
[Site "Chess.com"]
[Date "2023.05.21"]
[Round "-"]
[White "MJMykh"]
[Black "Nazar_777"]
[Result "0-1"]
[WhiteElo "1092"]
[BlackElo "1587"]
[TimeControl "300"]
[EndTime "0:36:07 PDT"]
[Termination "Nazar_777 won by resignation"]

1. e4 e6 2. d4 a6 3. Nf3 h5 4.
Nc3 c5 5. dxc5 Bxc5 6. Bc4 Be7 7.
O-O Nf6 8. h3 Nc6 9. Bg5 Qc7 10.
Bxf6 gxf6 11. Re1 Rg8 12. a4 b6 13. Qd3 Ne5 14. Nxe5 fxe5 15. Bb3 Bb7 16. Kh2 Bc5 17. Rf1 f5 18. exf5 e4+ 0-1

[Event "Live Chess"]
[Site "Chess.com"]
[Date "2023.05.21"]
[Round "-"]
[White "profpirate4"]
[Black "LutherSullivan"]
[Result "0-1"]
[WhiteElo "1299"]
[BlackElo "2125"]
[TimeControl "300"]
[EndTime "0:36:13 PDT"]
[Termination "LutherSullivan won by resignation"]

1. d4 Nf6 2. c4 e6 3. Nc3 Bb4 4.
e3 O-O 5. Bd3 d5 6. cxd5 exd5 7.
Qc2 c5 8. Nf3 Nc6 9. O-O cxd4 10. exd4 Bg4 11. a3 Bxf3 12. axb4 Nxb4 13. Qd2 Nxd3 14.
Qxd3 Be4 15. Nxe4 Nxe4 16. Qb5 Qd6 17. Qxb7 Rfb8 18. Qa6 Rb6 19. Qd3 a5 20. f3 Nf6 21.
Re1 h6 22. Qf5 Qb4 23. Re2 Raa6 24. Rb1 Re6 25. Bd2 Qxd4+ 26. Be3 Rxe3 27. Qc8+ Kh7 28. Qxa6 Rxe2+ 29. Kh1 Qxb2 30. Qd3+ g6 31. Rd1 Rxg2 32.
Qf1 Rxh2+ 33. Kg1 Rh5 34. Qf2 Rh1+ 35. Kxh1 Qxf2 36. Rxd5 Qxf3+ 37. Kg1 Qxd5 0-1